 Dungeon Crawl Stone Soup version 0.31.0-32-g396128a36d (webtiles) character file.

Game seed: 15346197882204655803

53 SacredBeard the Vexing (level 3, -3/24 HPs)
             Began as a Vampire Enchanter on Mar 31, 2024.
             Slain by a gnoll
             ... wielding a +0 whip
              (7 damage)
             ... on level 2 of the Dungeon.
             The game lasted 00:02:35 (1069 turns).

SacredBeard the Vexing (Vampire Enchanter)          Turns: 1069, Time: 00:02:35

Health: -3/24      AC:  5    Str:  7    XL:     3   Next: 64%
Magic:  6/6        EV: 10    Int: 19    God:
Gold:   51         SH:  0    Dex: 14    Spells: 6/6 levels left

rFire   . . .        a - +1 dagger
rCold   . . .        (no shield)
rNeg    . . .        f - +0 ring mail
rPois   .            (no helmet)
rElec   .            (no cloak)
rCorr   .            (no gloves)
SInv    +            (no boots)
Will    .....        (no amulet)
Stlth   ++           b - ring of wizardry
HPRegen 0.44/turn    (no ring)
MPRegen 0.10/turn

%: wizardry (x1)
@: healing quickly
A: alive, fangs 3, see invisible, vampiric 2
a: Exsanguinate


You were on level 2 of the Dungeon.
You visited 1 branch of the dungeon, and saw 2 of its levels.

You collected 51 gold pieces.

Inventory:

Hand Weapons
 a - a +1 dagger (weapon)
Missiles
 d - 33 stones (quivered)
 i - 4 poisoned darts
Armour
 f - a +0 ring mail (worn)
Jewellery
 b - a ring of wizardry (left hand)
Scrolls
 e - 2 scrolls of identify {unknown}
 g - a scroll of enchant armour {unknown}
 h - a scroll of brand weapon {unknown}
Potions
 c - 3 potions of invisibility
 j - a potion of curing {unknown}


   Skills:
 * Level 4.0 Short Blades
 - Level 2.1 Dodging
 - Level 4.4 Stealth
 - Level 2.0 Spellcasting
 - Level 4.4 Hexes


You had 6 spell levels left.
You didn't know any spells.
Your spell library contained the following spells:

 Spells                   Type           Power      Damage    Failure   Level
 Confusing Touch          Hex            18%        N/A       12%         3
 Tukima's Dance           Hex            18%        N/A       12%         3
 Ensorcelled Hibernation  Hex/Ice        20%        N/A       16%         2
 Dazzling Flash           Conj/Hex       20%        N/A       28%         3


Dungeon Overview and Level Annotations

Branches:
Dungeon (2/15)

Altars:


Innate Abilities, Weirdness & Mutations

Your natural rate of healing is accelerated.
You have razor-sharp teeth.
You have supernaturally acute eyesight. (SInv)
You are afflicted with vampirism and can become a bat while bloodless.


Message History

2 gnolls come into view.
A gnoll is wielding a +3 spear and quivering 2 throwing nets.
There are monsters nearby!
There are monsters nearby! 2 gnolls come into view.
A gnoll is wielding a +0 whip and quivering a throwing net.
The helpless gnoll fails to defend itself.
You impale the gnoll!!
You kill the gnoll!
The helpless gnoll fails to defend itself.
You impale the gnoll!!
You kill the gnoll!
Your Short Blades skill increases to level 4!
The gnoll shouts! x2
Things that are here:
a +3 spear; 2 throwing nets; a gnoll corpse The gnoll hits you with a +0 whip.
The gnoll hits you with a +0 spear!
You hit the gnoll but do no damage. The gnoll hits you with a +0 whip.
The gnoll hits you with a +0 spear.
You are too injured to fight recklessly!
You are too injured to fight recklessly!
You are too injured to fight recklessly!
You are too injured to fight recklessly!
You hit the gnoll. You punch the gnoll.
The gnoll is heavily wounded.
The gnoll hits you with a +0 whip.
* * * LOW HITPOINT WARNING * * *
The gnoll barely misses you.
You closely miss the gnoll.
The gnoll is moderately wounded.
You hit the gnoll but do no damage.
The gnoll is moderately wounded.
The gnoll hits you with a +0 whip.
* * * LOW HITPOINT WARNING * * *
The gnoll hits you with a +0 spear.
* * * LOW HITPOINT WARNING * * *
You closely miss the gnoll. You bite the gnoll.
The gnoll is heavily wounded.
The gnoll hits you with a +0 whip!
You die...

#.......# ####.######
####....# ##.....##
##.#.# #........
#.#.##########.#####..
#.#............# ###
#.####################
#............ ........
#####))...... .#######
#@....... #gg......
#...####+ ...## #..#
#..# ##.# .+


You could see 2 gnolls.

Vanquished Creatures
  2 gnolls (D:2)
  A dart slug (D:1)
  2 ball pythons (D:2)
  2 endoplasms
  2 giant cockroaches (D:2)
  3 goblins (D:2)
  3 hobgoblins
  2 jackals (D:1)
  4 kobolds
  4 bats
  A frilled lizard (D:2)
  2 rats (D:1)
28 creatures vanquished.

Notes
Turn   | Place    | Note
-------+----------+-------------------------------------------
     0 | D:1      | SacredBeard the Vampire Enchanter began the quest for the
                  | Orb.
     0 | D:1      | Reached XP level 1. HP: 13/13 MP: 3/3
   342 | D:1      | Reached XP level 2. HP: 19/19 MP: 5/5
   953 | D:2      | Gained mutation: You are afflicted with vampirism and can
                  | become a bat while bloodless. [Vampire growth]
   953 | D:2      | Reached XP level 3. HP: 24/24 MP: 6/6
  1069 | D:2      | Slain by a gnoll

Illustrated notes

Levels and vault maps discovered:
D:1:      tarquinn_simple_flora_water_c, layout_loops_ring
D:2:      layout_basic, minmay_quadrilaterals

Skill      XL: |  1  2  3 |
---------------+----------+-----
Short Blades   | 2 3 4 |  4.0
Dodging        | |  2.1
Stealth        | |  4.4
Spellcasting   | |  2.0
Hexes          | |  4.4

Action                     || total
---------------------------++-------
  Melee: Dagger            ||   121
         Bite              ||     9
         Punch             ||     2
   Stab: Sleeping          ||     6
 Armour: Ring mail         ||    67
         Robe              ||     1
  Dodge: Dodged            ||    55
